 Dungeon Crawl Stone Soup version 0.31-a0-1-g4198be8af4 (webtiles) character file.

Game seed: 11697695990958843907

297 retardedninja the Firebug (level 6, -5/44 HPs)
             Began as a Gnoll Fire Elementalist on May 1, 2023.
             Slain by an ogre
             ... wielding a +0 giant club
              (34 damage)
             ... on level 4 of the Dungeon.
             The game lasted 00:07:01 (4125 turns).

retardedninja the Firebug (Gnoll Fire Elementalist) Turns: 4125, Time: 00:07:01

Health: -5/44      AC:  3    Str:  7    XL:     6   Next: 35%
Magic:  11/14      EV: 13    Int: 17    God:
Gold:   186        SH:  0    Dex: 12    Spells: 12/15 levels left

rFire   . . .        q - +0 flail
rCold   . . .        (no shield)
rNeg    . . .        a - +0 robe
rPois   .            (no helmet)
rElec   .            (no cloak)
rCorr   .            n - +0 pair of gloves
SInv    .            (no boots)
Will    .....        (no amulet)
Stlth   +++          (no ring)
HPRegen 0.27/turn    (no ring)
MPRegen 0.14/turn

%: no passive effects
@: no status effects
A: fangs 1, strong nose, distributed training
a: no special abilities


You were on level 4 of the Dungeon.
You visited 1 branch of the dungeon, and saw 4 of its levels.

You collected 186 gold pieces.

Inventory:

Hand Weapons
 q - a +0 flail (weapon)
Armour
 a - a +0 robe (worn)
 n - a +0 pair of gloves (worn)
Jewellery
 k - a ring of protection from cold
 s - an amulet of the acrobat
 w - an amulet of reflection
Wands
 j - a wand of acid (5)
Scrolls
 d - a scroll of teleportation {unknown}
 e - a scroll of noise {unknown}
 h - 2 scrolls of summoning {unknown}
 m - 2 scrolls of silence {unknown}
 o - 5 scrolls of identify
 t - 3 scrolls of vulnerability {unknown}
 u - a scroll of amnesia {unknown}
 x - a scroll of brand weapon {unknown}
Potions
 b - a potion of magic
 c - 2 potions of curing
 f - a potion of attraction
 g - a potion of heal wounds
 i - 2 potions of cancellation
 l - 2 potions of might
 p - a potion of berserk rage
 r - a potion of flight {unknown}
 v - a potion of degeneration {unknown}
 z - a potion of brilliance {unknown}


   Skills:
 + Level 2.0 Fighting
 + Level 2.0 Short Blades
 + Level 2.0 Long Blades
 + Level 2.0 Axes
 + Level 2.0 Maces & Flails
 + Level 2.0 Polearms
 + Level 2.0 Staves
 + Level 2.0 Ranged Weapons
 + Level 2.0 Throwing
 + Level 2.0 Armour
 + Level 5.0 Dodging
 + Level 4.6 Stealth
 + Level 2.0 Shields
 + Level 2.0 Unarmed Combat
 + Level 5.4 Spellcasting
 + Level 2.6 Conjurations
 + Level 1.6 Hexes
 + Level 1.6 Summonings
 + Level 1.6 Necromancy
 + Level 1.6 Translocations
 + Level 1.6 Transmutations
 + Level 5.7 Fire Magic
 + Level 1.6 Ice Magic
 + Level 1.6 Air Magic
 + Level 1.6 Earth Magic
 + Level 1.6 Poison Magic
 + Level 2.2 Invocations
 + Level 2.0 Evocations


You had 12 spell levels left.
You knew the following spells:

 Your Spells              Type           Power      Damage    Failure   Level
a - Foxfire               Conj/Fire      72%        2x1d7     2%          1
b - Scorch                Fire           46%        2d7       1%          2

Your spell library contained the following spells:

 Spells                   Type           Power      Damage    Failure   Level
 Kiss of Death            Conj/Necr      44%        2d8       5%          1
 Freeze                   Ice            40%        1d6       7%          1
 Slow                     Hex            40%        N/A       7%          1
 Inner Flame              Hex/Fire       17%        N/A       9%          3
 Volatile Blastmotes      Fire/Tloc      34%        2d12      9%          3
 Ignite Poison            Fire/Tmut/Pois 14%        N/A       12%         3
 Hailstorm                Conj/Ice       11%        3d5       17%         3
 Confusing Touch          Hex            10%        N/A       22%         3
 Frozen Ramparts          Ice            20%        1d4       22%         3
 Vampiric Draining        Necr           10%        2d6       22%         3
 Flame Wave               Conj/Fire      18%        2d7       24%         4
 Dispel Undead            Necr           10%        3d9       56%         4
 Necromutation            Tmut/Necr      5%         N/A       100%        8


Dungeon Overview and Level Annotations

Branches:
Dungeon (4/15)
 Temple: D:4-7

Altars:
Fedhas
Kikubaaqudgha

Annotations:
D:3 1 runed translucent door, Crazy Yiuf


Innate Abilities, Weirdness & Mutations

You have very sharp teeth.
Your uncanny sense of smell can sniff out nearby items.
Your experience applies equally to all skills.


Message History

z - a gluggy blue potion
There is an escape hatch in the ceiling here.
Key pressed, stopping explore.
You open the door.
There is an open door here.
Key pressed, stopping explore.
Key pressed, stopping explore.
Key pressed, stopping explore.
Key pressed, stopping explore.
Found a stone staircase leading down.
An ogre comes into view. It is wielding a +0 giant club.
An ogre is nearby!
An ogre is nearby!
An ogre is nearby!
You conjure some foxfire!
The foxfire hits the ogre.
The ogre is lightly wounded.
You conjure some foxfire!
The foxfire hits the ogre.
The ogre is moderately wounded.
The foxfire hits the ogre.
The ogre is moderately wounded.
The foxfire hits the ogre.
The ogre is moderately wounded.
You conjure some foxfire!
The foxfire hits the ogre.
The ogre is heavily wounded.
The foxfire hits the ogre.
The ogre is severely wounded.
You conjure some foxfire!
The ogre hits you with a +0 giant club!
Unknown command.
Casting: Foxfire (safe; 2% risk of failure)
Confirm with . or Enter, or press ? or * to list all spells.
You don't know that spell.
Found 5 stones.
The foxfire hits the ogre.
The ogre is severely wounded.
The foxfire hits the ogre.
The ogre is almost dead.
The ogre hits you with a +0 giant club!!
Ouch! That really hurt!
You die...

#......#
#.......# ...
......#
####.##.####....
.....
#.##.#.......
#.##....##...
#.###........
##.....#......
#.......#.....
#.O.§...#.....
#.@.§......#.#
..............###
#
................
.............##..
.............# ..
......>......#
.............#
######......(.


You could see an ogre.

Vanquished Creatures
  A centaur (D:4)
  A hound (D:4)
  Natasha (D:3)
  An iguana (D:4)
  Terence (D:3)
  4 adders
  2 worms
  2 dart slugs
  8 orcs (D:4)
  6 ball pythons
  4 bats
  6 endoplasms
  5 giant cockroaches
  4 hobgoblins
  4 jackals (D:3)
  9 kobolds
  A frilled lizard (D:1)
  5 goblins
  5 rats
70 creatures vanquished.

Vanquished Creatures (collateral kills)
  A foxfire (D:3)
1 creature vanquished.

Vanquished Creatures (others)
  288 foxfires
288 creatures vanquished.

Grand Total: 359 creatures vanquished

Notes
Turn   | Place    | Note
-------+----------+-------------------------------------------
     0 | D:1      | retardedninja the Gnoll Fire Elementalist began the quest
                  | for the Orb.
     0 | D:1      | Reached XP level 1. HP: 13/13 MP: 6/6
   142 | D:1      | Got the Grimoire of the Red-Hot Dead
   194 | D:1      | Reached XP level 2. HP: 19/19 MP: 4/7
  1041 | D:2      | Reached skill level 5 in Spellcasting
  1041 | D:2      | Reached XP level 3. HP: 25/25 MP: 5/9
  1361 | D:2      | Found a faded altar of an unknown god.
  1642 | D:2      | Reached skill level 1 in Invocations
  2036 | D:2      | Learned a level 2 spell: Scorch
  2145 | D:3      | Noticed Terence
  2160 | D:3      | Killed Terence
  2161 | D:3      | Reached skill level 1 in Fighting
  2161 | D:3      | Reached skill level 1 in Short Blades
  2161 | D:3      | Reached skill level 1 in Long Blades
  2161 | D:3      | Reached skill level 1 in Axes
  2161 | D:3      | Reached skill level 1 in Maces & Flails
  2161 | D:3      | Reached skill level 1 in Polearms
  2161 | D:3      | Reached skill level 1 in Staves
  2161 | D:3      | Reached skill level 1 in Ranged Weapons
  2161 | D:3      | Reached skill level 1 in Throwing
  2161 | D:3      | Reached skill level 1 in Armour
  2161 | D:3      | Reached skill level 1 in Shields
  2161 | D:3      | Reached skill level 1 in Unarmed Combat
  2161 | D:3      | Reached skill level 1 in Evocations
  2161 | D:3      | Reached XP level 4. HP: 21/32 MP: 0/11
  2309 | D:3      | Found an ancient bone altar of Kikubaaqudgha.
  2339 | D:3      | Reached skill level 1 in Hexes
  2339 | D:3      | Reached skill level 1 in Summonings
  2339 | D:3      | Reached skill level 1 in Necromancy
  2339 | D:3      | Reached skill level 1 in Translocations
  2339 | D:3      | Reached skill level 1 in Transmutations
  2339 | D:3      | Reached skill level 1 in Ice Magic
  2339 | D:3      | Reached skill level 1 in Air Magic
  2339 | D:3      | Reached skill level 1 in Earth Magic
  2339 | D:3      | Reached skill level 1 in Poison Magic
  2526 | D:3      | Found a runed translucent door.
  2527 | D:3      | Noticed Crazy Yiuf
  2861 | D:3      | Found a blossoming altar of Fedhas.
  3090 | D:4      | Noticed Natasha
  3090 | D:4      | Noticed a centaur
  3097 | D:3      | Killed Natasha
  3098 | D:3      | Reached XP level 5. HP: 34/37 MP: 12/12
  3230 | D:4      | Killed a centaur
  3647 | D:4      | Reached XP level 6. HP: 33/44 MP: 8/13
  3902 | D:4      | Reached skill level 5 in Dodging
  4125 | D:4      | Slain by an ogre

Illustrated notes

Levels and vault maps discovered:
D:1:      mrwooster_arrival_statue, layout_rooms, minmay_octomino_e4
D:2:      layout_loops_ring, hellmonk_ecumenical_altar_lost_god
D:3:      layout_basic, mainiacjoe_overflow_six_doors_small,
          kiku_gazebo_garden_becter, uniq_terence, uniq_crazy_yiuf_cottage
D:4:      layout_basic, grunt_ministairs_2, uniq_natasha

Skill      XL: |  1  2  3  4  5  6 |
---------------+-------------------+-----
Conjurations   | 2 |  2.6
Spellcasting   | 5 |  5.4
Invocations    | 1 2 |  2.2
Fighting       | 1 2 |  2.0
Short Blades   | 1 2 |  2.0
Long Blades    | 1 2 |  2.0
Axes           | 1 2 |  2.0
Maces & Flails | 1 2 |  2.0
Polearms       | 1 2 |  2.0
Staves         | 1 2 |  2.0
Ranged Weapons | 1 2 |  2.0
Throwing       | 1 2 |  2.0
Armour         | 1 2 |  2.0
Shields        | 1 2 |  2.0
Unarmed Combat | 1 2 |  2.0
Evocations     | 1 2 |  2.0
Hexes          | 1 |  1.6
Summonings     | 1 |  1.6
Necromancy     | 1 |  1.6
Translocations | 1 |  1.6
Transmutations | 1 |  1.6
Ice Magic      | 1 |  1.6
Air Magic      | 1 |  1.6
Earth Magic    | 1 |  1.6
Poison Magic   | 1 |  1.6
Dodging        | 5 |  5.0
Stealth        | |  4.6
Fire Magic     | |  5.7

Action                     |  1- 3 |  4- 6 || total
---------------------------+-------+-------++-------
  Melee: Unarmed           |     1 |     3 ||     4
         Flail             |       |    14 ||    14
         Punch             |       |     1 ||     1
   Cast: Foxfire           |    96 |    81 ||   177
         Scorch            |     4 |     3 ||     7
  Evoke: Wand              |     2 |     3 ||     5
    Use: Scroll            |       |     7 ||     7
 Armour: Robe              |     6 |    11 ||    17
  Dodge: Dodged            |    24 |    39 ||    63

Table legend: (Time is in decaauts)
 A = Elapsed time spent in this place.
 B = Non-inter-level travel time spent in this place.
 C = Inter-level travel time spent in this place.
 D = Time resting spent in this place.
 E = Time spent auto-exploring this place.
 F = Levels seen in this place.
 G = Mean time per level.
                   A        B        C        D        E       F      G
               +--------+--------+--------+--------+--------+-----+--------+
         Total |   4130 |   4027 |    103 |    643 |   2781 |   4 | 1032.5 |
       Dungeon |   4130 |   4027 |    103 |    643 |   2781 |   4 | 1032.5 |
               +--------+--------+--------+--------+--------+-----+--------+

Top non-repeatable levels by time:
     D:2: 1310 daAuts
     D:3: 1130 daAuts
     D:4: 908 daAuts
     D:1: 781 daAuts
